[Event "Icelandic Chess-ch 2023"]
[Site "Hafnarfjordur"]
[Date "2023.05.21"]
[Round "7.6"]
[White "Kjartansson, Gudmundur"]
[Black "Ragnarsson, Dagur"]
[Result "1-0"]
[ECO "A06"]
[WhiteElo "2402"]
[BlackElo "2346"]
[Annotator "TA"]
[PlyCount "103"]
[EventDate "2023.05.13"]
[EventType "tourn"]
[EventCountry "ISL"]
[SourceTitle "playchess.com"]
[Source "ChessBase"]
[SourceQuality "1"]
[TimeControl "40/5400+30:1800+30"]

1. Nf3 d5 2. d4 Nf6 3. c4 c6 4. e3 e6 5. Bd3 Nbd7 6. b3 Bd6 7. Bb2 b6 {[%emt 0:00:19] A06: Réti Opening: 1 Nf3 d5.} 8. Nbd2 Bb7 9. O-O O-O {[%emt 0:00:07] White has an edge.} 10. Re1 {[%emt 0:02:15] 10.Qe2 is becoming the main line.} Re8 11. Ne5 Qc7 12. f4 c5 {[%emt 0:02:39] [#]} 13. cxd5 $146 ({Predecessor:} 13. Rc1 Ne4 14. Qc2 f6 15. Nxd7 Qxd7 16. Nxe4 dxe4 17. Bxe4 Bxe4 18. Qxe4 Qc7 19. d5 {½-½ Varnagy,G (1390)-Farkas,V (1259) HUN-chT4a 1819 2018 (4.5)}) 13... exd5 14. Rc1 a6 15. Qf3 Qd8 16. g4 {[%emt 0:14:48] White has more active pieces.} (16. Qh3 $16 {And now Nxd7 would win.} Nf8 17. Ndf3) 16... cxd4 $11 17. exd4 Bb4 18. Bc3 Bxc3 (18... Ba3 $5 ) 19. Rxc3 Ne4 20. Nxe4 dxe4 21. Bxe4 Bxe4 22. Rxe4 Nf6 23. Ree3 (23. Nc6 $5 Qd7 24. Ne5 $11) 23... h5 {[%emt 0:19:43] Hoping for ...Nd5.} 24. g5 Ng4 (24... Nd5 $11 25. Qxh5 Nxe3 26. Rxe3 (26. Qxf7+ Kh8 $11) 26... Qxd4 27. Qxf7+ Kh8) 25. Red3 $16 Rc8 26. Qb7 $36 {[%emt 0:09:13][%mdl 2048] White has strong initiative.} Rxc3 $2 (26... Nxe5 $16 27. Rxc8 (27. dxe5 Rxc3 28. Rxd8 Rxd8 $11) 27... Qxc8 28. Qxc8 (28. Qxb6 Nxd3 29. Qa5 Qc1+) 28... Rxc8 29. dxe5 g6) 27. Qxf7+ $18 Kh7 28. Qxh5+ (28. Rxc3 Qxd4+) 28... Kg8 29. Qf7+ (29. Rxc3 Qxd4+ 30. Kg2 (30. Kh1 $2 Qd1+ 31. Kg2 Ne3+ {[%mdl 64] Discovered Attack} 32. Rxe3 Qxh5 $19) 30... Qd2+ 31. Kg3 Qxc3+ $11) 29... Kh7 $2 (29... Kh8 30. Rxc3 Qxd4+ 31. Kh1 Qd1+ 32. Kg2 Qd2+ 33. Kg3 Qxc3+ 34. Kxg4 Qc8+ 35. Kh4 Qa8) 30. Rxc3 $2 (30. Nxg4 $18 Rf8 31. Qh5+ (31. Rxc3 $2 Qxd4+ 32. Kg2 Qd2+ 33. Nf2 Rxf7 $19) 31... Kg8 32. Rxc3 Qxd4+ 33. Re3 Qd1+ 34. Kg2 Qd5+ 35. Kg3) 30... Qxd4+ $14 31. Kg2 $1 {[%emt 0:00:07][%cal Bg1g2,Bg2g3,Bg3g4,Bg4h4][%mdl 32] White wants to mate with g6+.} (31. Kh1 Qd1+ 32. Kg2 Qe2+ 33. Kg3 Nxe5 34. Qxe8 Qg4+ 35. Kf2 Qxf4+ 36. Ke1 Qe4+ 37. Kd1 Qb1+ 38. Kd2 Qb2+ 39. Rc2 Qd4+ 40. Ke2 (40. Kc1 Nd3+ 41. Kd2 Nf4+ 42. Ke1 Qg1+ 43. Kd2 Qd4+ 44. Ke1 Qg1+ 45. Kd2 Qd4+ $11) 40... Qg4+ 41. Kf2 (41. Kd2 Qxg5+ 42. Ke1 Qg1+ 43. Kd2 Nf3+ 44. Kd3 Qd1+ 45. Ke3 Qxc2 $11) 41... Qd4+ 42. Kg2 Qg4+ 43. Kf2 Qd4+ 44. Kg2 Qg4+ 45. Kf2 $11) 31... Qd2+ (31... Nxe5 $2 32. Rh3#) 32. Kg3 Qxc3+ 33. Kxg4 {[%emt 0:00:05][%mdl 4096] Endgame White threatens Qg6+ and mate. KQR-KQN} Qc8+ $1 34. Kh4 $1 {[%emt 0:02:13] Threatening mate with Ng4.} Qe6 {[%emt 0:03:20] Repels Ng4. White must now prevent ...Qxf7.} 35. g6+ Kh8 36. Kg3 {[%emt 0:00:40] h4 would be deadly.} Qc8 37. h4 {[%emt 0:00:31][%cal Bh2h4,Bh4h5][%mdl 32] h5 is the strong threat.} Qc3+ $1 38. Nf3 $1 Qc8 39. Qd5 ({White should play} 39. h5 $1 $16 {[%cal Rh5h6] h6! would kill now.} Rf8 40. Qe7 (40. Qc4 Qxc4 41. bxc4 Rf5 $11)) 39... Qe6 (39... Qc5 $11 {keeps the balance.} 40. Qxc5 bxc5) 40. Qh5+ $16 Kg8 41. Qh7+ $1 ({Much less strong is} 41. Ne5 $6 Rc8 $14) 41... Kf8 {[%emt 0:00:04] [#]} 42. h5 $1 Qg8 $2 (42... Qf6 $16 {is a better chance.}) 43. Ne5 $18 {[%emt 0:02:14] Strongly threatening h6. White is clearly winning.} Ke7 (43... Re7 $142 44. h6 gxh6 45. Qxh6+ Qg7) 44. f5 Kf6 {[%emt 0:18:02] [#] ( -> ...Qd5)} 45. Qxg8 ({Weaker is} 45. Kf4 Qxh7 46. gxh7 (46. Ng4+ Ke7 $11) 46... Rh8 $11) 45... Rxg8 {[%emt 0:00:04] KR-KN} 46. Kf4 Rd8 47. Ng4+ Ke7 48. Kg5 (48. h6 $142 gxh6 49. Ke5 (49. Nxh6 Kf6 $18)) 48... Rd2 49. h6 gxh6+ 50. Kxh6 Rg2 {[%emt 0:00:06] [#]} 51. Kg7 $1 Rxg4 (51... Kd6 52. f6) 52. f6+ {[%emt 0:00:03] Excellently played by Kjartansson!   Weighted Error Value: White=0.16 (very precise) /Black=0.41} 1-0

[Event "Icelandic Chess-ch 2023"]
[Site "Hafnarfjordur"]
[Date "2023.05.22"]
[Round "8.1"]
[White "Ptacnikova, Lenka"]
[Black "Ragnarsson, Dagur"]
[Result "1/2-1/2"]
[ECO "A12"]
[WhiteElo "2099"]
[BlackElo "2346"]
[Annotator "TA"]
[PlyCount "98"]
[EventDate "2023.05.13"]
[EventType "tourn"]
[EventCountry "ISL"]
[SourceTitle "playchess.com"]
[Source "ChessBase"]
[SourceQuality "1"]
[TimeControl "40/5400+30:1800+30"]

1. c4 c6 2. Nf3 d5 3. e3 Nf6 4. b3 Bf5 5. Bb2 e6 6. Be2 h6 $1 {[%emt 0:00:08] 6...h6 is better than 6...Nbd7.} 7. O-O Be7 8. Nc3 {[%emt 0:01:22] A12: English Opening: 1...c6 with b3 by White.} O-O 9. d3 Nbd7 10. cxd5 exd5 11. Nd4 {[%emt 0:09:26] [#]} Bh7 $146 ({Predecessor:} 11... Bg6 12. Re1 Re8 13. Bf3 Bc5 14. Nde2 Qc7 15. Rc1 Qa5 16. a3 Qd8 17. b4 Bb6 18. b5 Rc8 {½-½ Schigiol,J (1711)-Rex,D (1767) Muenster Bezirksliga 0506 2005 (4.2)}) 12. h3 Re8 13. Qd2 Bd6 14. Rfe1 Nc5 15. b4 Ne6 16. Na4 Nd7 17. Rec1 Qh4 18. a3 {[%emt 0:04:21] [#]} Nxd4 (18... Ng5 $1 $17 {[%cal Rg5h3] Hoping for ...Nxh3+!} 19. Bf1 Rab8) 19. Bxd4 $11 Bf5 (19... Nf8 $5 ) 20. Nc5 {[%emt 0:11:28] Dodges Re6} Nxc5 21. bxc5 Be5 22. Bxe5 Rxe5 23. Bf1 Rae8 24. Rab1 Bc8 25. Rb4 Qe7 26. Qb2 g5 27. Qd4 Re6 28. g3 f5 29. Bg2 Rf8 30. Qc3 $1 Ref6 31. Re1 Qg7 32. Qd2 Rd8 33. Qb2 Re6 34. Qxg7+ Kxg7 35. Rd4 Kf6 36. Rb1 Ke7 37. Kf1 Rf8 38. Ra4 f4 39. exf4 gxf4 40. gxf4 Ref6 (40... Rg6 $5 ) 41. Rxa7 {[%emt 0:07:13] The position is equal.} Rxf4 42. Rb2 Kd8 43. Ra8 Kc7 44. Re2 R8f7 45. Kg1 Rg7 46. Kh2 Rgf7 47. Kg1 Rg7 48. Kh2 Rgf7 49. Kg1 Rg7 {[%emt 0:00:28] Weighted Error Value: White=0.08 (flawless) /Black=0.08 (flawless)} 1/2-1/2

[Event "Icelandic Chess-ch 2023"]
[Site "Hafnarfjordur"]
[Date "2023.05.22"]
[Round "8.2"]
[White "Danielsen, Henrik"]
[Black "Kjartansson, Gudmundur"]
[Result "0-1"]
[ECO "D05"]
[WhiteElo "2501"]
[BlackElo "2402"]
[Annotator "TA"]
[PlyCount "44"]
[EventDate "2023.05.13"]
[EventType "tourn"]
[EventCountry "ISL"]
[SourceTitle "playchess.com"]
[Source "ChessBase"]
[SourceQuality "1"]
[TimeControl "40/5400+30:1800+30"]

1. d4 Nf6 2. Nf3 d5 3. e3 e6 4. Bd3 c5 5. O-O Nc6 6. c3 Qc7 7. Nbd2 Bd7 {[%emt 0:02:08] D05: Colle System with ...e6.} 8. Qe2 Be7 9. dxc5 Bxc5 {[%emt 0:00:20] [#] The position is equal.} 10. b4 $146 ({Predecessor:} 10. e4 O-O 11. e5 Ng4 12. Bxh7+ Kxh7 13. Ng5+ Kg8 14. Qxg4 Qxe5 15. Qh5 Qf5 16. Ndf3 {½-½ Hofstetter,H (2508)-Klausen,T (2441) olm15 fin B6 email 2006 [6]}) 10... Be7 11. Bb2 O-O (11... e5 $5 12. e4 dxe4 13. Nxe4 Nd5 $11) 12. a3 Ne5 (12... e5 $5 13. e4 dxe4 14. Nxe4 Nh5 $11) 13. Nxe5 $1 Qxe5 14. Rab1 Qc7 15. c4 dxc4 16. Nxc4 Ba4 17. Rbc1 Rfd8 18. Ne5 Qd6 19. Bd4 Rac8 20. Qf3 Qd5 21. Qg3 Bb5 22. Ng4 $2 {[%emt 0:04:50][%mdl 8192] [#]} (22. Qf3 $11 Qxf3 23. gxf3) 22... Nh5 $1 {[%emt 0:05:14] Weighted Error Value: White=0.43/Black=0.07 (flawless)} 0-1

[Event "Icelandic Chess-ch 2023"]
[Site "Hafnarfjordur"]
[Date "2023.05.22"]
[Round "8.3"]
[White "Domalchuk-Jonasson, Aleksandr"]
[Black "Stefansson, Vignir Vatnar"]
[Result "1/2-1/2"]
[ECO "D35"]
[WhiteElo "2338"]
[BlackElo "2470"]
[Annotator "TA"]
[PlyCount "70"]
[EventDate "2023.05.13"]
[EventType "tourn"]
[EventCountry "ISL"]
[SourceTitle "playchess.com"]
[Source "ChessBase"]
[SourceQuality "1"]
[TimeControl "40/5400+30:1800+30"]

1. d4 d5 2. c4 e6 3. Nc3 Nf6 4. cxd5 exd5 5. Bf4 Bd6 6. Bxd6 {[%emt 0:00:08] D35: Queen's Gambit Declined: Exchange Variation.} Qxd6 7. e3 Bf5 8. Qf3 $1 {[%emt 0:00:14][%mdl 4] is currently scoring better than 8.Bd3.} g6 9. Nge2 c6 10. Qf4 Qxf4 11. Nxf4 {[%emt 0:00:06] [#]} O-O $146 ({Predecessor:} 11... Nbd7 12. h4 h6 13. f3 Ke7 14. g4 Be6 15. Bd3 Rag8 16. Kf2 Nb6 17. Nce2 Nc8 {0-1 Sarana,A (2668)-Artemiev,V (2701) Titled Tuesday intern op 17th Jan Early blitz 2023 (8)}) 12. h4 h5 13. b4 a6 14. f3 Nbd7 15. a4 a5 16. b5 Nb6 17. bxc6 bxc6 18. Kf2 Rfc8 19. Bd3 Bxd3 20. Nxd3 Nc4 21. Rab1 Re8 22. Rhe1 Re7 23. Rb3 Rae8 24. Nd1 Nd7 25. N3b2 {[%emt 0:05:24] The position is equal.} Nd6 26. Nd3 Kg7 27. Rc3 Nc4 28. N3b2 Ndb6 29. Nxc4 Nxc4 30. Rb3 $1 {[%emt 0:01:21] Repels Rb7} Nd6 31. Re2 Nf5 {[%emt 0:05:10][%cal Of5d4] [#] ...Nxd4! would be deadly.} 32. Rc2 Re6 33. g3 R8e7 34. Rbc3 Re8 35. Rb3 R8e7 {[%emt 0:02:32] A rather calm draw.   Weighted Error Value: White=0.03 (flawless) /Black=0.05 (flawless)} 1/2-1/2

[Event "Icelandic Chess-ch 2023"]
[Site "Hafnarfjordur"]
[Date "2023.05.22"]
[Round "8.4"]
[White "Ingvason, Johann"]
[Black "Hjartarson, Johann"]
[Result "1/2-1/2"]
[ECO "E00"]
[WhiteElo "2076"]
[BlackElo "2466"]
[Annotator "TA"]
[PlyCount "97"]
[EventDate "2023.05.13"]
[EventType "tourn"]
[EventCountry "ISL"]
[SourceTitle "playchess.com"]
[Source "ChessBase"]
[SourceQuality "1"]
[TimeControl "40/5400+30:1800+30"]

1. d4 Nf6 2. c4 e6 3. g3 Bb4+ 4. Nd2 c5 5. a3 Bxd2+ 6. Qxd2 cxd4 7. Nf3 b6 8. Bg2 {[%emt 0:03:03] E00: Catalan Bogo-Indian (3 g3 Bb4+).} Bb7 9. Qxd4 Nc6 10. Qc3 O-O 11. O-O Rc8 12. b4 $1 Ne7 {[%emt 0:05:34] [#]} 13. Bb2 $146 ({Predecessor:} 13. Bg5 Ne4 14. Qd3 f6 15. Be3 Nf5 16. Rac1 d5 17. Nd4 Nxd4 18. Bxd4 dxc4 19. Rxc4 Rxc4 20. Qxc4 {1-0 Landa,K (2640)-Poluljahov,A (2511) Doroshkevich Memorial op 2012 (6)}) 13... Bxf3 14. Bxf3 {[%emt 0:02:02] A strong pair of Bishops.} d5 15. c5 bxc5 16. bxc5 Nc6 17. Rfd1 Qe7 18. Rac1 Rb8 19. Ba1 h6 20. Rd2 Rfc8 21. Rb2 Rxb2 22. Qxb2 Rb8 23. Qc2 Rb5 24. Qc3 Qb7 25. Qd2 Qe7 26. Qc3 Qf8 27. Kg2 (27. Qd2 $11) 27... Nd7 $15 28. Qd2 Rxc5 ({Of course not} 28... Nxc5 $6 29. Qc2 $11) 29. Rxc5 Qxc5 30. Qb2 Nde5 31. e3 Qb6 32. Be2 Qxb2 33. Bxb2 $17 {[%emt 0:00:04][%mdl 4096] Endgame KBB-KNN} f6 34. f4 Nc4 35. Bc1 (35. Bxc4 $142 dxc4 36. Kf2) 35... N6a5 $1 36. Bd1 {[%emt 0:00:56] Dodges Nb3} Kf7 37. Kf3 f5 38. g4 Nb7 39. gxf5 exf5 40. Ke2 Nbd6 41. Kd3 {[%emt 0:01:33] [#]} Ke6 ({Black should play} 41... g5 $1 $19 {And now ...g4 would win.} 42. Kd4 Ke6) 42. a4 $2 {[%emt 0:00:37] [#]} (42. h4 $1 $15) 42... Nb7 $2 ({Better is} 42... g5 $1 $19 {[%cal Rg5g4] Strongly threatening ...g4.} 43. Bh5 Ne4) 43. Kd4 Kd6 (43... Nba5 $15) 44. Bf3 $11 {[%emt 0:04:38] The position is equal.} Nb6 45. Ba3+ Ke6 46. Bf8 Kf7 47. Ba3 (47. Bxd5+ $2 Nxd5 48. Bxg7 Nxe3 $19) 47... Ke6 48. Bf8 Kf7 49. Ba3 {[%emt 0:03:40] Black had all chances to win.   Weighted Error Value: White=0.12 (very precise) /Black=0.13 (very precise)} (49. Bxd5+ $2 {loses.} Nxd5 50. Bxg7 Nxe3 $19) 1/2-1/2

[Event "Icelandic Chess-ch 2023"]
[Site "Hafnarfjordur"]
[Date "2023.05.22"]
[Round "8.5"]
[White "Thorfinnsson, Bragi"]
[Black "Gretarsson, Hjorvar Steinn"]
[Result "0-1"]
[ECO "B90"]
[WhiteElo "2431"]
[BlackElo "2539"]
[Annotator "TA"]
[PlyCount "136"]
[EventDate "2023.05.13"]
[EventType "tourn"]
[EventCountry "ISL"]
[SourceTitle "playchess.com"]
[Source "ChessBase"]
[SourceQuality "1"]
[TimeControl "40/5400+30:1800+30"]

1. e4 c5 2. Nf3 d6 3. d4 cxd4 4. Nxd4 Nf6 5. Nc3 a6 6. Bd3 g6 7. f3 {[%emt 0:00:00] B90: Sicilian Najdorf: Unusual White 6th moves, 6 Be3 Ng4 and 6 Be3 e5.} e5 8. Nb3 Be6 9. Bg5 {[%emt 0:00:00] The position is equal.} Nbd7 10. Qd2 {[%emt 0:00:00] [#]} Be7 $146 ({Predecessor:} 10... Qc7 11. O-O-O b5 12. Kb1 b4 13. Ne2 Be7 14. Bh6 a5 15. Nbc1 Qb7 16. Ng3 a4 {0-1 Mammadzada,G (2449)-Assaubayeva,B (2464) Berlin Armageddon (Women) Win blitz 2023 (3.1)}) 11. O-O O-O 12. Bh6 Re8 13. Ne2 (13. Kh1 $11 {remains equal.}) 13... d5 $17 {[%emt 0:03:49] aiming for ...dxe4.} 14. Ng3 Rc8 15. Rae1 dxe4 $1 16. Nxe4 Nxe4 17. Bxe4 Qc7 18. Bg5 Nf6 19. Bd3 $1 Nd5 20. Bxe7 $1 Rxe7 21. Qg5 (21. Rf2 $15) 21... f6 22. Qh4 Kg7 23. Qf2 Nf4 24. Qe3 a5 25. Nc1 b6 {[%emt 0:05:59] Black has more active pieces.} 26. a3 Qc5 27. Qxc5 bxc5 (27... Rxc5 $17 28. Be4 Bc4) 28. Bb5 $1 $15 c4 29. Na2 Nd5 30. Re4 Rc5 31. a4 (31. Bxc4 $2 {perishes.} f5 32. Rxe5 Rxc4 $19) 31... Bf5 32. Re2 $1 (32. Rxc4 $2 {too greedy.} Rxc4 33. Bxc4 Ne3 $19) 32... c3 33. Nxc3 Nxc3 34. bxc3 Rxc3 35. Rd1 Bxc2 36. Rd6 e4 37. Ra6 e3 38. Rxa5 {[%emt 0:00:00] [#]} (38. Re1 $15) 38... Bxa4 $1 $17 {[%emt 0:00:28][%mdl 576] Promotion} 39. h4 Bc2 40. Ra2 Rec7 41. Kh2 h6 42. Ra1 (42. Re1 $17) 42... f5 $1 $19 43. Kg3 g5 44. hxg5 hxg5 45. f4 g4 (45... R7c5 $1 $17 46. Ra7+ Kf6 47. Ra6+ Ke7 48. Ra7+ Kd6 49. Rd7+ Ke6) 46. Kh4 $1 $15 Be4 {[%emt 0:02:45] Strongly threatening ...Rb7.} (46... R3c5 $5 47. Ba6 Rc3 $17) 47. Kg5 Kf8 {[%emt 0:02:26] ...R3c5 is the strong threat.} 48. Ree1 $2 (48. Ra6 $1 $15) 48... Rg7+ $2 (48... Bxg2 $19 {has better winning chances.} 49. Ra6 Bf3) 49. Kf6 $17 Rf7+ 50. Kg6 Rb7 51. Ra8+ Ke7 52. Re8+ Kd6 53. Re5 Kc7 ({Black should play} 53... g3 $1 $17 54. Rd1+ Kc7) 54. g3 $11 Rb6+ 55. Kg5 Kb7 (55... Rb8 $11 {keeps the balance.}) 56. Be2 (56. Bd7 $16) 56... Rc7 (56... Rcc6 $5 57. Rxe4 fxe4 $15) 57. Rxe4 fxe4 {[%emt 0:00:05][%mdl 4096] Endgame KRR-KRB} 58. f5 Rg7+ 59. Kf4 Kc6 60. Bxg4 Kd5 (60... Rb2 $15) 61. Rd1+ Kc5 {[%emt 0:00:10] And now ...Rb2 would win.} 62. Be2 ({Better is} 62. Rc1+ $11 Kd5 63. Rd1+ Kc4 64. Rc1+ Kd5 65. Rd1+) 62... Rb2 $15 63. Re1 $2 (63. Kxe3 $15 Rxg3+ 64. Kf4) 63... Kd4 $19 64. g4 (64. f6 $142 Rh7 65. Kg5) 64... Rc7 65. f6 Rcc2 66. Rd1+ {[%emt 0:00:00] [#]} Rd2 $1 {[%emt 0:00:11] ( -> ...Rxd1)} 67. f7 {[%emt 0:00:00] [#]} Rxd1 $1 68. f8=Q {[%emt 0:00:00] [#]} Rf1+ $3 {[%emt 0:00:08][%mdl 576] Skewer, Decoy.   Weighted Error Value: White=0.17 (very precise) /Black=0.19 (very precise)} 0-1

[Event "Icelandic Chess-ch 2023"]
[Site "Hafnarfjordur"]
[Date "2023.05.22"]
[Round "8.6"]
[White "Stefansson, Hannes"]
[Black "Heimisson, Hilmir Freyr"]
[Result "1-0"]
[ECO "C67"]
[WhiteElo "2521"]
[BlackElo "2353"]
[Annotator "TA"]
[PlyCount "81"]
[EventDate "2023.05.13"]
[EventType "tourn"]
[EventCountry "ISL"]
[SourceTitle "playchess.com"]
[Source "ChessBase"]
[SourceQuality "1"]
[TimeControl "40/5400+30:1800+30"]

1. e4 e5 2. Nf3 Nc6 3. Bb5 Nf6 4. O-O Nxe4 5. d4 Nd6 6. Bxc6 dxc6 7. dxe5 Nf5 8. Qxd8+ Kxd8 9. Nc3 Ke8 10. h3 h5 {[%emt 0:00:47] C67: Ruy Lopez: Berlin Defence: 4 0-0 Nxe4.} 11. Ne2 b6 12. Re1 {[%emt 0:03:04] 12.Bg5 gains popularity.} Bb7 {[%emt 0:02:17] [#] The position is equal.} 13. Bg5 $146 ({Predecessor:} 13. Nc3 c5 14. Ne4 Rd8 15. c3 Be7 16. Bf4 Bd5 17. a4 Kd7 18. a5 Kc6 19. Neg5 {0-1 Matsenko,S (2465)-Ponkratov,P (2589) Khanty-Mansiysk Governor Cup-A 8th 2012 (9)}) 13... h4 (13... c5 $11) 14. Ned4 Nxd4 15. Nxd4 Rh5 16. f4 Be7 {[%emt 0:09:05] [#] Black is on the road to losing.} (16... Bc5 $14 17. Rad1 Kf8) 17. Nf5 $1 $16 Bc5+ 18. Kh2 Kf8 {[%emt 0:01:08] [#]} 19. Rad1 $1 {[%emt 0:02:59][%cal Od1d7] Hoping for Rd7!} ({Don't play} 19. Nxh4 $6 Bf2 20. Nf5 Bxe1 21. Rxe1 Re8 $11) 19... f6 20. exf6 {[%emt 0:06:51] White is much more active. The black rooks are badly placed.} gxf6 21. g4 $1 hxg3+ 22. Nxg3 Rh7 23. Bxf6 Bf2 (23... Bc8 $16 {might work better.}) 24. Re2 $36 {[%emt 0:05:09][%mdl 2048] Keeping Black busy.} Bxg3+ 25. Kxg3 Ba6 26. Re5 Bc4 (26... Re8 {was necessary.} 27. Rxe8+ Kxe8) 27. b3 $18 Bg8 28. Rde1 Rd7 29. Re7 Rxe7 30. Rxe7 {[%emt 0:00:07][%mdl 4096] Endgame KRB-KRB} b5 31. Rxc7 Bd5 $2 (31... Bf7 32. f5 Re8 33. Rxc6 Re3+ 34. Kg4 Re2 35. Rc8+ Be8) 32. h4 Re8 33. Be5 {[%emt 0:01:02] Black must now prevent h5.} Be4 (33... Re6 $142 34. h5 Ke8 35. Rxa7 Re7) 34. h5 {[%emt 0:00:46] White is clearly winning.} Re6 35. h6 Rg6+ 36. Kf2 {[%emt 0:00:09] Threatens to win with h7.} Rg2+ 37. Ke3 Bxc2 38. h7 Bxh7 39. Rxh7 Rxa2 40. f5 {[%emt 0:00:28] White threatens f6 and mate.} Ra6 41. Bd6+ {[%emt 0:30:59] Weighted Error Value: White=0.10 (very precise) /Black=0.40} 1-0

[Event "Icelandic Chess-ch 2023"]
[Site "Hafnarfjordur"]
[Date "2023.05.23"]
[Round "9.1"]
[White "Heimisson, Hilmir Freyr"]
[Black "Ptacnikova, Lenka"]
[Result "1-0"]
[ECO "B31"]
[WhiteElo "2353"]
[BlackElo "2099"]
[Annotator "TA"]
[PlyCount "109"]
[EventDate "2023.05.13"]
[EventType "tourn"]
[EventCountry "ISL"]
[SourceTitle "playchess.com"]
[Source "ChessBase"]
[SourceQuality "1"]
[TimeControl "40/5400+30:1800+30"]

1. e4 c5 2. Nf3 Nc6 3. Bb5 g6 4. Bxc6 dxc6 5. d3 Bg7 6. h3 e5 7. a4 {[%emt 0:09:04][%cal Ba2a4,Ba4a5][%mdl 32] B31: Sicilian: 2...Nc6 3 Bb5 g6.} Qe7 8. Be3 (8. Bg5 $5 f6 9. Be3 $11) 8... Nf6 9. Qd2 {[%emt 0:01:10] The position is equal.} Nd7 10. Qc3 O-O 11. a5 Rb8 12. Nbd2 Re8 13. O-O {[%emt 0:02:10] [#]} h6 $146 ({Predecessor:} 13... f6 14. Rfb1 Bf8 15. Nc4 Kh8 16. Qd2 Ra8 17. c3 Nb8 18. b4 cxb4 19. cxb4 Be6 {½-½ De Gleria,F (1980)-Mai,P (2026) GER-ch U15 Bad Bevensen 1994 (6)}) 14. Rfb1 f5 15. Nc4 f4 16. Bd2 g5 17. b4 h5 18. Qb3 {[%emt 0:02:43] White is much more active.} (18. h4 $1 $16) 18... Kh7 $14 19. Nh2 {[%emt 0:10:05] A dynamic duo of knights.} cxb4 20. Bxb4 (20. Qxb4 $14 c5 21. Qa3) 20... c5 $1 $11 21. Bc3 Nf8 $1 22. Qa3 Bd7 23. f3 Bf6 24. Kf1 Ng6 25. Be1 Nf8 26. Bf2 (26. Bc3 $11 {keeps the balance.}) 26... Ne6 $17 27. c3 Bc6 28. Ra2 Rbd8 29. Rd2 Rd7 30. Kg1 Red8 31. Rbd1 Bb5 {[%emt 0:12:29] Strongly threatening ...Bxc4.} 32. Qb3 Ba6 33. Nf1 g4 34. hxg4 hxg4 35. fxg4 Kg6 (35... Ng5 $17 {...Kh8 is the strong threat.} 36. Qc2 Kg7) 36. Nh2 $1 $11 Ng5 {[%emt 0:06:03] White must now prevent ...Qe6.} 37. Nf3 Nxf3+ 38. gxf3 Qe6 {[%emt 0:07:00] Hoping for ...Bxc4.} 39. Qa2 {[%emt 0:12:12] [#]} ({White must play} 39. Be1 $11) 39... Rxd3 40. Rxd3 $14 Rxd3 41. Rxd3 Bxc4 42. Qd2 Bxd3 43. Qxd3 {[%emt 0:00:06][%mdl 4096] Endgame KQB-KQB} c4 44. Qd1 a6 45. Bb6 (45. Kg2 {looks sharper.} Qc6 46. Qh1 Qd6 47. Qh5+) 45... Qc6 {[%emt 0:00:00] [#]} ({Better is} 45... Be7 $14) 46. Kg2 (46. Bd8 $142 $1) 46... Be7 $16 47. Qh1 Kg7 48. Qh5 {[%emt 0:00:00] Inhibits Qe8.} Qd6 49. Kh3 (49. Qe8 $16) 49... Bf6 $14 50. g5 (50. Qe8 $14) 50... Be7 $11 51. g6 $36 {[%emt 0:00:26][%mdl 2048] White threatens Qh7+ and mate. White is more active.} Qe6+ 52. Qf5 Qxf5+ (52... Qf6 $11) 53. exf5 $18 Bb4 54. cxb4 c3 55. Bc7 {[%emt 0:00:06] Weighted Error Value: White=0.18 (very precise) /Black=0.24 (precise)} 1-0